Map: [ESL] Babylon

Players

Solar

  • Race: Zerg Zerg

Maru - Winner!

  • Race: Terran Terran

Event: IEM Katowice 2023

VOD

Have the link to the VOD?

Description

Time

  • Played on: Feb. 12, 2023, 5:09 a.m.
  • Length: 9:28

All games in this series

Show
View Real Time Build Order
Export as new Build Order

Solar Zerg 

Build Orders: Hatch First 

Get SALT Encoding   

  12  0:00  Drone  
  13  0:13  Overlord  
  13  0:17  Drone  
  14  0:31  Drone x2  
  16  0:49  Hatchery  
  15  0:52  Drone  
  15  0:56  Drone  
  17  0:59  Drone  
  18  1:10  Extractor  
  17  1:15  Spawning Pool  
  17  1:17  Drone  
  17  1:21  Drone  
  18  1:28  Drone  
  19  1:39  Drone  
  20  1:50  Drone  
  21  2:01  Queen  
  21  2:02  Queen, Zergling x2  
  21  2:03  Zergling x2  
  27  2:12  Overlord  
  27  2:13  Zergling x2  
  28  2:23  Drone  
  28  2:30  Drone  
  28  2:31  Hatchery  
  28  2:33  Drone  
  28  2:34  Drone  
  30  2:43  Queen  
  32  2:48  Metabolic Boost  
  32  2:53  Overlord  
  32  2:58  Drone  
  33  3:02  Drone x2  
  33  3:05  Drone  
  37  3:12  Drone  
  37  3:13  Drone x3  
  37  3:16  Drone  
  41  3:22  Queen  
  43  3:29  Queen  
  43  3:30  Extractor  
  43  3:32  Overlord  
  45  3:37  Overlord  
  45  3:44  Drone  
  45  3:45  Queen  
  48  3:49  Drone x2  
  48  3:52  Drone x3  
  48  3:55  Drone x2  
  55  3:56  Drone  
  55  3:58  Drone  
  55  4:01  Overlord  
  57  4:09  Drone x4  
  61  4:13  Queen  
  61  4:15  Drone  
  64  4:18  Zergling x2  
  64  4:20  Drone  
  64  4:21  Drone  
  64  4:22  Drone x2  
  69  4:25  Queen  
  69  4:28  Overlord  
  69  4:30  Overlord  
  71  4:32  Drone  
  71  4:33  Drone  
  73  4:41  Lair  
  73  4:43  Spore Crawler  
  73  4:44  Overlord  
  72  4:46  Extractor  
  72  4:47  Drone  
  72  4:48  Extractor, Drone x3  
  72  4:51  Drone x2  
  76  4:55  Extractor x2, Drone  
  76  4:56  Drone x2  
  76  4:58  Baneling Nest  
  75  5:05  Zergling x10  
  80  5:07  Drone  
  80  5:08  Extractor  
  80  5:09  Drone  
  80  5:11  Drone  
  80  5:12  Drone x2  
  84  5:14  Overlord  
  84  5:17  Drone  
  85  5:21  Overlord  
  85  5:23  Drone x3  
  85  5:28  Drone x2  
  90  5:34  Queen  
  92  5:35  Zergling x2  
  93  5:44  Spire, Hatchery  
  93  5:49  Drone x2  
  92  5:53  Drone x5  
  92  5:54  Overlord  
  97  5:57  Centrifugal Hooks  
  97  6:02  Drone  
  98  6:05  Drone  
  98  6:07  Overlord  
  98  6:09  Zergling x6  
  102  6:17  Overlord  
  101  6:19  Overlord  
  101  6:29  Overlord  
  101  6:31  Overlord  
  101  6:32  Overlord  
  101  6:44  Hatchery, Zergling x4, Evolution Chamber  
  101  6:46  Evolution Chamber  
  100  6:57  Mutalisk x12  
  100  6:59  Zergling x2  
  100  7:00  Zergling x2  
  125  7:02  Baneling x3  
  125  7:07  Zergling x6  
  128  7:09  Baneling x5  
  128  7:12  Zergling x2  
  128  7:14  Overlord  
  130  7:15  Zergling x8  
  130  7:18  Zergling x4  
  130  7:21  Hatchery, Zergling x6  
  138  7:26  Overlord  
  138  7:28  Zerg Ground Armor Level 1  
  138  7:31  Zergling x8  
  142  7:37  Baneling x2  
  142  7:38  Baneling  
  142  7:42  Baneling x5  
  142  7:43  Zergling x10  
  146  7:46  Zergling x6  
  146  7:49  Zergling x6  
  146  7:50  Baneling  
  152  7:51  Zergling x2  
  152  7:53  Drone  
  152  7:56  Drone x2  
  152  7:58  Zergling x4  
  158  8:06  Zergling x4  
  158  8:08  Overlord  
  158  8:10  Drone  
  158  8:11  Drone  
  158  8:12  Drone  
  163  8:13  Drone  
  163  8:16  Drone  
  163  8:19  Mutalisk x4  
  173  8:30  Drone  
  173  8:31  Baneling x7  
  173  8:32  Zergling x6  
  177  8:34  Zergling x2  
  177  8:36  Zergling x2  
  177  8:37  Zergling x2  
  177  8:38  Baneling x3  
  178  8:43  Zergling x4  
  178  8:46  Hatchery, Overseer  
  179  8:48  Overlord  
  179  8:49  Zergling x2  
  179  8:50  Zergling x8  
  179  8:51  Overlord  
  179  8:54  Overlord  
  182  8:57  Overlord  
  182  9:01  Zergling x6  
Show
View Real Time Build Order
Export as new Build Order

Maru Terran - Winner!

Build Orders: Reaper Expand 

Get SALT Encoding   

  12  0:00  SCV  
  13  0:12  SCV  
  14  0:17  Supply Depot  
  14  0:24  SCV  
  15  0:38  SCV  
  15  0:40  Barracks  
  16  0:43  Refinery  
  16  0:50  SCV  
  17  1:02  SCV  
  18  1:14  SCV  
  19  1:27  Orbital Command, Reaper  
  20  1:39  Command Center  
  20  1:48  Supply Depot  
  20  1:52  SCV  
  21  1:58  Marine  
  22  2:04  SCV  
  23  2:11  Factory  
  23  2:16  SCV  
  25  2:24  Barracks Reactor  
  25  2:28  SCV  
  25  2:40  Command Center  
  25  2:41  SCV  
  26  2:51  Orbital Command  
  26  2:53  SCV  
  26  2:54  Refinery  
  27  2:59  Starport  
  27  3:05  SCV  
  28  3:14  Hellion x2  
  28  3:16  Barracks Tech Lab  
  28  3:17  SCV  
  33  3:20  SCV  
  34  3:29  SCV  
  34  3:32  SCV  
  36  3:41  SCV, Hellion x2  
  36  3:42  Raven  
  36  3:43  Barracks Tech Lab  
  36  3:45  SCV  
  44  3:52  Orbital Command  
  44  3:53  SCV  
  45  3:57  Supply Depot  
  45  3:58  SCV  
  46  4:04  Hellion  
  46  4:05  Marine, SCV, Hellion  
  52  4:13  SCV  
  52  4:16  Liberator  
  56  4:18  SCV x2  
  58  4:25  SCV  
  58  4:26  Hellion x2  
  58  4:28  Supply Depot  
  58  4:30  Marine, Stimpack  
  64  4:31  Orbital Command  
  64  4:32  SCV  
  64  4:37  SCV  
  66  4:44  SCV  
  67  4:45  Engineering Bay  
  67  4:46  Refinery  
  67  4:47  Engineering Bay  
  67  4:49  SCV  
  68  4:57  SCV x2  
  70  5:04  Barracks, SCV  
  71  5:08  Barracks  
  71  5:09  SCV  
  71  5:10  Starport Reactor  
  71  5:11  Supply Depot  
  71  5:13  Terran Infantry Armor Level 1, Terran Infantry Weapons Level 1  
  72  5:19  SCV  
  73  5:23  Barracks  
  73  5:26  Barracks  
  73  5:27  SCV  
  73  5:28  SCV  
  75  5:29  Refinery  
  75  5:31  SCV  
  75  5:34  Siege Tank, Supply Depot  
  79  5:39  SCV  
  79  5:40  Marine, SCV  
  82  5:44  SCV  
  83  5:51  Marine, SCV, Supply Depot  
  83  5:56  SCV x2  
  87  5:57  Starport Reactor  
  87  6:03  SCV  
  88  6:06  Marine x3  
  88  6:07  Supply Depot  
  88  6:08  SCV x2  
  88  6:10  Combat Shield  
  93  6:12  Siege Tank  
  93  6:14  Barracks Reactor  
  93  6:15  SCV, Barracks Reactor  
  93  6:17  Supply Depot  
  93  6:18  Marine x2  
  96  6:20  SCV  
  96  6:21  Supply Depot  
  96  6:24  Marine x2  
  99  6:25  SCV  
  99  6:26  Marine, Armory  
  101  6:34  Medivac  
  101  6:35  Marine x2, SCV x2  
  101  6:36  Medivac  
  101  6:39  SCV  
  110  6:40  Supply Depot  
  110  6:41  Marine, Refinery  
  110  6:42  Marine  
  110  6:44  Marine  
  113  6:47  Siege Tank  
  113  6:51  SCV x2, Supply Depot  
  113  6:52  SCV  
  113  6:53  Marine x2  
  121  6:54  Refinery  
  121  6:56  Marine x2  
  121  6:57  Marine x2  
  125  7:01  Marine x2  
  125  7:03  SCV  
  125  7:05  Supply Depot  
  125  7:08  Marine  
  128  7:09  Medivac x2  
  128  7:13  Marine x2  
  128  7:14  Marine  
  136  7:17  SCV x3  
  136  7:18  Marine x2  
  136  7:20  Command Center  
  141  7:24  Supply Depot  
  141  7:26  Marine x3  
  141  7:27  Siege Tank  
  141  7:28  Supply Depot  
  147  7:32  Marine  
  147  7:33  Marine  
  149  7:37  Factory  
  149  7:44  Sensor Tower  
  149  7:46  SCV  
  149  7:47  Marine x3  
  153  7:52  Marine  
  153  7:57  Marine  
  153  7:58  Marine x4  
  152  7:59  SCV  
  152  8:01  Widow Mine, Missile Turret x2  
  152  8:05  Marine x3, SCV  
  147  8:07  Missile Turret  
  147  8:10  Marine  
  147  8:11  SCV  
  150  8:14  SCV  
  150  8:15  Marine x5  
  150  8:17  SCV  
  155  8:23  Widow Mine  
  155  8:27  Missile Turret  
  154  8:35  SCV x3  
  155  8:47  SCV x3  
  157  8:54  Marine x8  
  173  8:59  SCV  
  168  9:05  SCV  
  158  9:12  SCV  
  158  9:13  SCV  

Tags
 
Add a new tag
Caveats
  • Supply blocks, unpowered buildings, or Contaminate may cause inaccurate times.
  • Supply counts are checked every 10 seconds.